 Dungeon Crawl Stone Soup version 0.30-a0-377-g5cb311bc9f (webtiles) character file.

Game seed: 2217967562088958955

15895 funkygono the Thaumaturge (level 12, -1/77 HPs)
             Began as a Demonspawn Fire Elementalist on Nov 27, 2022.
             Was an Elder of Sif Muna.
             Slain by a hell knight
             ... wielding a +2 vorpal demon trident
              (12 damage)
             ... on level 12 of the Dungeon.
             The game lasted 00:25:16 (13884 turns).

funkygono the Thaumaturge (DsFE)                   Turns: 13884, Time: 00:25:18

Health: -1/77      AC: 11    Str:  8    XL:     12   Next: 5%
Magic:  28/28      EV: 13    Int: 22    God:    Sif Muna [****..]
Gold:   791        SH:  5    Dex: 14    Spells: 25/35 levels left

rFire   + . .      SeeInvis .    K - +6 long sword (vorpal)
rCold   x . .      Faith    .    (no shield)
rNeg    . . .      Spirit   .    o - +2 robe {Archmagi}
rPois   .          Reflect  +    (helmet restricted)
rElec   .          Harm     .    h - +0 cloak
rCorr   .          Rampage  .    i - +2 pair of gloves
Will    .....      Archmagi +    (no boots)
Stlth   ++........               t - amulet of reflection
HPRegen 0.32/turn                k - ring of fire
MPRegen 0.42/turn                s - ring of wizardry

@: no status effects
A: horns 1, molten scales 2, magic regeneration, condensation shield
a: Renounce Religion, Channel Magic, Forget Spell, Divine Exegesis


You were on level 12 of the Dungeon.
You worshipped Sif Muna.
Sif Muna was greatly pleased with you.
You visited 1 branch of the dungeon, and saw 12 of its levels.

You collected 881 gold pieces.
You spent 90 gold pieces at shops.

Inventory:

Hand Weapons
 c - a +0 dagger
 e - a +1 dagger of freezing
 f - a +0 whip
 q - a +0 long sword
 A - a +4 dagger of draining
 B - a +3 quarterstaff of chaos
 K - a +6 vorpal long sword (weapon)
 L - a +2 mace
Missiles
 J - 4 throwing nets
Armour
 a - a +1 leather armour of fire resistance
 b - a +3 leather armour of cold resistance
 h - a +0 cloak (worn)
 i - a +2 pair of gloves (worn)
 o - a +2 robe of the Archmagi (worn)
 G - +0 steam dragon scales
Jewellery
 j - a ring of protection from fire
 k - a ring of fire (left hand)
 p - a ring of willpower
 s - a ring of wizardry (right hand)
 t - an amulet of reflection (around neck)
 w - an amulet of faith
 C - a ring of poison resistance
 H - a ring of protection from cold
 N - an amulet of guardian spirit
 O - a ring of magical power
Wands
 u - a wand of polymorph (16)
 x - a wand of flame (50)
 y - a wand of iceblast (13)
Scrolls
 d - 9 scrolls of identify
 m - 3 scrolls of blinking
 E - 2 scrolls of poison
 F - 2 scrolls of fear
 I - 3 scrolls of teleportation
 M - 2 scrolls of immolation
 P - 2 scrolls of fog
 R - a scroll of amnesia
Potions
 g - 2 potions of resistance
 l - 3 potions of attraction
 n - 5 potions of curing
 r - 3 potions of might
 v - 2 potions of cancellation
 z - a potion of mutation
 D - 2 potions of heal wounds
 Q - 3 potions of brilliance
 S - a potion of lignification {unknown}


   Skills:
 + Level 1.5 Fighting
 + Level 1.1 Long Blades
 + Level 3.3 Dodging
 - Level 1.7 Stealth
 + Level 2.1 Shields
 + Level 12.3 Spellcasting
 + Level 7.0 Conjurations
 + Level 11.4 Fire Magic
 + Level 1.5 Invocations
 + Level 0.4 Evocations


You had 25 spell levels left.
You knew the following spells:

 Your Spells              Type           Power      Damage    Failure   Level
a - Foxfire               Conj/Fire      100%       2x1d9     1%          1
b - Scorch                Fire           100%       2d10      1%          2
c - Kindle Blastsparks    Fire/Tloc/Air  100%       2d18      1%          3
d - Flame Wave            Conj/Fire      89%        2d19      1%          4

Your spell library contained the following spells:

 Spells                   Type           Power      Damage    Failure   Level
 Inner Flame              Hex/Fire       72%        N/A       1%          3
 Summon Cactus Giant      Summ           10%        N/A       95%         6
 Malign Gateway           Summ/Tloc      10%        N/A       100%        7
 Summon Horrible Things   Summ           10%        N/A       100%        8


Dungeon Overview and Level Annotations

Branches:
Dungeon (12/15)            Temple (0/1) D:7            Lair (0/5) D:11
    Orc (0/2) D:12

Altars:
Ashenzari
Dithmenos
Fedhas
Hepliaklqana
Kikubaaqudgha
Nemelex Xobeh
Ru
Sif Muna
Trog
Yredelemnul

Shops:
D:2 (   D:4 =*   D:7 *

Annotations:
D:3 3 runed translucent doors, Voxish's ghost, amateur HuMo; Voxish's ghost, amateur MeWr
D:5 2 transporters, dweek's ghost, amateur TrBe
D:11 2 transporters, NoAnimeNoLife's ghost, journeyman MiHu


Innate Abilities, Weirdness & Mutations

You have a pair of small horns on your head.
You are mostly covered in molten scales. (AC +3)
You regenerate magic rapidly.
A meltable shield of frost defends you. (SH +0)


Message History

The hell hound bites you. The hell hound breathes flames at you.
The blast of flame hits you but does no damage.
The blast of flame hits the hell hound.
The hell hound completely resists.
The hell hound bites you but does no damage.
The hell hound breathes flames at you.
The blast of flame misses the hell hound.
The blast of flame hits you. You resist. The hell hound breathes flames at you.
The blast of flame misses you.
The blast of flame misses the hell hound.
The hell knight mumbles some strange prayers to its god against you.
The bolt of fire hits the hell hound.
The hell hound completely resists.
The bolt of fire hits you! You resist.
* * * LOW HITPOINT WARNING * * *
The hell hound barely misses you.
The hell hound bites you but does no damage.
The hell hound misses you.
You slash the hell hound!
You kill the hell hound!
Sif Muna accepts your kill. The hell hound breathes flames at you.
The blast of flame hits the hell hound.
The hell hound completely resists.
The blast of flame hits you. You resist.
* * * LOW HITPOINT WARNING * * *
The hell hound bites you.
* * * LOW HITPOINT WARNING * * *
The hell knight mumbles some strange prayers to its god.
The hell knight seems to speed up.
The hell hound bites you.
* * * LOW HITPOINT WARNING * * *
The hell hound bites you but does no damage.
Okay, then.
You feel much better.
The hell knight invokes the aid of its god against you.
The bolt of fire misses the hell hound.
The bolt of fire hits you! You resist.
* * * LOW HITPOINT WARNING * * *
The hell hound bites you!
* * * LOW HITPOINT WARNING * * *
The hell knight hits you from afar with a +2 vorpal demon trident!
You die...

#####.....##.## #..
#....#######.# #..
#....'........ #..
##....#....... #..
#...########## ###
##...##################
##....................
########################
#....ph@h...............
##...##4################
##


h.p .#... #.##### . .. .. You could see 2 hell knights, a rust devil and 3 hell
hounds.

Vanquished Creatures
  Harold (D:9)
  A centaur warrior (D:9)
  6 two-headed ogres
  2 orc knights
  3 manticores (D:12)
  3 cyclopes
  A gargoyle (D:11)
  An unseen horror (D:12)
  Prince Ribbit (D:6)
  4 trolls
  Grinder (D:6)
  2 shadows
  Sigmund (D:6)
  2 wyverns
  3 yaks (D:12)
  A wraith (D:11)
  2 steam dragons
  3 vampire mosquitoes (D:11)
  Edmund (D:5)
  A hell hound (D:12)
  4 water moccasins
  Duvessa (D:4)
  3 orc warriors (D:11)
  2 ice beasts
  A black bear (D:6)
  An ogre (D:6)
  5 centaurs
  3 phantoms
  Blork the orc (D:4)
  2 kobold brigands
  2 bullfrogs
  4 scorpions
  14 wights
  Dowan (D:4)
  4 jellies (D:6)
  3 howler monkeys
  A lava snake (D:9)
  3 hounds
  A gnoll bouda (D:7)
  An orc priest (D:4)
  Crazy Yiuf (D:5)
  Jessica (D:2)
  Ijyb (D:4)
  2 iguanas
  Natasha (thrice) (D:3)
  5 orc wizards
  10 gnolls
  4 adders
  A shadow imp (D:5)
  A white imp (D:8)
  2 ufetubi
  A worm (D:3)
  A dart slug (D:2)
  34 orcs
  7 endoplasms
  4 giant cockroaches
  6 goblins
  8 hobgoblins
  4 quokkas
  7 ball pythons
  8 bats
  14 kobolds
  2 rats
224 creatures vanquished.

Vanquished Creatures (others)
  A kobold (D:7)
  691 foxfires
  3 fungi (D:5)
695 creatures vanquished.

Grand Total: 919 creatures vanquished

Notes
Turn   | Place    | Note
-------+----------+-------------------------------------------
     0 | D:1      | funkygono the Demonspawn Fire Elementalist began the quest
                  | for the Orb.
     0 | D:1      | Reached XP level 1. HP: 13/13 MP: 3/3
   308 | D:1      | Gained mutation: You have a pair of small horns on your
                  | head. [demonic ancestry]
   308 | D:1      | Reached XP level 2. HP: 19/19 MP: 1/5
   396 | D:1      | Learned a level 2 spell: Scorch
  1482 | D:2      | Found a shimmering blue altar of Sif Muna.
  1490 | D:2      | Became a worshipper of Sif Muna the Loreminder
  1497 | D:2      | Found Joxaniek's Weapon Shop.
  1525 | D:2      | Noticed Jessica
  1535 | D:2      | Killed Jessica
  1536 | D:2      | Reached XP level 3. HP: 18/24 MP: 0/6
  1540 | D:2      | Learned a level 3 spell: Kindle Blastsparks
  2103 | D:2      | Reached XP level 4. HP: 30/30 MP: 5/8
  2289 | D:2      | Reached skill level 3 in Spellcasting
  2622 | D:3      | Found a runed translucent gate.
  2622 | D:3      | Found a runed translucent gate.
  2622 | D:3      | Found a runed translucent gate.
  2622 | D:3      | Noticed Voxish's ghost (amateur HuMo)
  2622 | D:3      | Noticed Voxish's ghost (amateur MeWr)
  2772 | D:3      | Found a faded altar of an unknown god.
  2789 | D:3      | Noticed Natasha
  2801 | D:3      | Killed Natasha
  3114 | D:3      | Noticed Natasha
  3117 | D:3      | Killed Natasha
  3118 | D:3      | Reached XP level 5. HP: 35/35 MP: 5/10
  3148 | D:3      | Noticed Natasha
  3152 | D:3      | Killed Natasha
  3393 | D:3      | Reached * piety under Sif Muna
  3747 | D:3      | Learned a level 4 spell: Flame Wave
  3769 | D:4      | Noticed Duvessa
  3769 | D:4      | Noticed Dowan
  3778 | D:4      | Killed Duvessa
  3779 | D:4      | Reached skill level 4 in Spellcasting
  3779 | D:4      | Gained mutation: You are partially covered in molten
                  | scales. (AC +2) [demonic ancestry]
  3779 | D:4      | Reached XP level 6. HP: 22/41 MP: 9/12
  3779 | D:4      | Killed Dowan
  4060 | D:4      | Found Jun Sipt's Assorted Antiques.
  4068 | D:4      | Bought a cloak for 90 gold pieces
  4334 | D:4      | Found Xoarudy's One-of-a-Kind Rings.
  4626 | D:4      | Noticed Ijyb
  4636 | D:4      | Killed Ijyb
  4639 | D:4      | Reached skill level 5 in Fire Magic
  4639 | D:4      | Reached XP level 7. HP: 38/46 MP: 4/14
  4955 | D:4      | Reached skill level 5 in Spellcasting
  5010 | D:4      | Noticed Blork the orc
  5019 | D:4      | Killed Blork the orc
  5479 | D:5      | Entered Level 5 of the Dungeon
  5876 | D:5      | Noticed a two-headed ogre
  5882 | D:5      | Killed a two-headed ogre
  5883 | D:5      | Reached skill level 6 in Spellcasting
  5883 | D:5      | Reached XP level 8. HP: 52/52 MP: 6/18
  6020 | D:5      | Noticed Edmund
  6021 | D:5      | Reached ** piety under Sif Muna
  6022 | D:5      | Reached skill level 1 in Invocations
  6028 | D:5      | Killed Edmund
  6029 | D:5      | Reached skill level 7 in Spellcasting
  6227 | D:5      | Found a transporter.
  6228 | D:5      | Found a transporter.
  6228 | D:5      | Noticed dweek's ghost (amateur TrBe)
  6318 | D:5      | Identified the +7 giant club of the Doomed Warrior {freeze,
                  | *Rage Will++ rCorr Dex+2}
  6573 | D:5      | Found a runed translucent door.
  6574 | D:5      | Noticed Crazy Yiuf
  6580 | D:5      | Killed Crazy Yiuf
  6871 | D:6      | Noticed Prince Ribbit
  6875 | D:6      | Killed Prince Ribbit
  6876 | D:6      | Reached XP level 9. HP: 57/57 MP: 7/20
  7030 | D:6      | Found a broken altar of Ashenzari.
  7068 | D:6      | Found a sacrificial altar of Ru.
  7071 | D:6      | Found a hazy altar of Hepliaklqana.
  7115 | D:6      | Reached skill level 8 in Spellcasting
  7305 | D:6      | Noticed Sigmund
  7310 | D:6      | Killed Sigmund
  7347 | D:6      | Noticed Grinder
  7353 | D:6      | Killed Grinder
  7901 | D:6      | Found a bloodstained altar of Trog.
  8074 | D:6      | Reached skill level 9 in Spellcasting
  8126 | D:6      | Found a sparkling altar of Nemelex Xobeh.
  8278 | D:7      | Found Hadut's General Store.
  8476 | D:7      | Found a staircase to the Ecumenical Temple.
  8751 | D:7      | Reached skill level 5 in Conjurations
  9398 | D:8      | Gained mutation: A meltable shield of frost defends you.
                  | (SH +0) [demonic ancestry]
  9398 | D:8      | Reached XP level 10. HP: 64/64 MP: 17/23
  9604 | D:8      | Reached *** piety under Sif Muna
  9712 | D:8      | Noticed a two-headed ogre
  9720 | D:8      | Killed a two-headed ogre
 10039 | D:8      | Reached skill level 10 in Spellcasting
 10427 | D:9      | Noticed Harold
 10446 | D:9      | Killed Harold
 10583 | D:9      | Noticed a centaur warrior
 10589 | D:9      | Killed a centaur warrior
 10858 | D:9      | Found a basalt altar of Yredelemnul.
 11037 | D:9      | Noticed a two-headed ogre
 11045 | D:9      | Killed a two-headed ogre
 11046 | D:9      | Reached skill level 1 in Shields
 11046 | D:9      | Reached skill level 10 in Fire Magic
 11092 | D:9      | Gained mutation: You regenerate magic rapidly. [demonic
                  | ancestry]
 11092 | D:9      | Reached XP level 11. HP: 69/69 MP: 25/25
 11099 | D:9      | Found a shadowy altar of Dithmenos.
 11099 | D:9      | Found an ancient bone altar of Kikubaaqudgha.
 11217 | D:10     | Entered Level 10 of the Dungeon
 11305 | D:10     | Noticed a two-headed ogre
 11311 | D:10     | Killed a two-headed ogre
 11312 | D:10     | Reached skill level 11 in Spellcasting
 11501 | D:10     | Found a blossoming altar of Fedhas.
 11916 | D:11     | Noticed an orc knight
 11994 | D:11     | Killed an orc knight
 12101 | D:11     | Found a transporter.
 12103 | D:11     | Noticed NoAnimeNoLife's ghost (journeyman MiHu)
 12103 | D:11     | Noticed an ice dragon
 12198 | D:11     | Reached **** piety under Sif Muna
 12325 | D:11     | Noticed a two-headed ogre
 12331 | D:11     | Killed a two-headed ogre
 12332 | D:11     | Reached skill level 1 in Fighting
 12457 | D:11     | Noticed a two-headed ogre
 12466 | D:11     | Killed a two-headed ogre
 12690 | D:11     | Found a staircase to the Lair.
 12803 | D:11     | Found a transporter.
 13054 | D:12     | Found a staircase to the Orcish Mines.
 13054 | D:12     | Noticed an orc knight
 13066 | D:12     | Killed an orc knight
 13067 | D:12     | Reached skill level 12 in Spellcasting
 13069 | D:12     | Reached skill level 1 in Long Blades
 13718 | D:12     | Gained mutation: You are mostly covered in molten scales.
                  | (AC +3) [demonic ancestry]
 13718 | D:12     | Reached XP level 12. HP: 65/77 MP: 19/28
 13884 | D:12     | Slain by a hell knight

Illustrated notes

Levels and vault maps discovered:
D:1:      lemuel_arrival_river_ford, layout_loops_ring, amethyst_killhole
D:2:      layout_basic, basic_altar, serial_shops, shop_statue, uniq_jessica
D:3:      layout_basic, gammafunk_ghost_cemetery, basic_ecumenical_altar,
          minmay_quadrilaterals, uniq_natasha
D:4:      layout_loops_corners, nicolae_stop_n_shop_1,
          nicolae_shop_unique_rings, nicolae_elevator_lobby_plus,
          uniq_blork_the_orc, uniq_ijyb, uniq_duvessa
D:5:      layout_cave_pods, gammafunk_ghost_smash, uniq_crazy_yiuf_cottage,
          uniq_edmund
D:6:      layout_loops_corners, kennysheep_mini_moat, nemelex_dance_club_becter,
          grunt_temple_overflow_cloverleaf, uniq_sigmund, uniq_prince_ribbit1,
          uniq_grinder
D:7:      layout_loops_corners, minmay_temple_entry_wispy, serial_shops,
          kennysheep_little_box
D:8:      layout_cave_pools, amcnicky_mini_pool_small
D:9:      layout_basic, overflow_temple_1_default,
          nicolae_overflow_two_pavilions, uniq_harold
D:10:     layout_gridville, elyvilon_altar_3,
          mainiacjoe_overflow_surrounded_room
D:11:     layout_loops_cross, lair_entry_dummy,
          gammafunk_ghost_berserking_beasts
D:12:     mludivico_vault, layout_gridville, orc_david_3

Skill      XL: |  1  2  3  4  5  6  7  8  9 10 11 |
---------------+----------------------------------+-----
Fire Magic     | 3 4 5 6 7 8 10 11 | 11.4
Spellcasting   | 3 4 6 7 9 10 12 | 12.3
Conjurations   | 2 3 4 5 6 7 |  7.0
Dodging        | 2 3 |  3.3
Invocations    | 1 |  1.5
Shields        | 1 2 |  2.1
Fighting       | 1 |  1.5
Long Blades    | 1 |  1.1
Stealth        | |  1.7
Evocations     | |  0.4

Action                   |  1- 3 |  4- 6 |  7- 9 | 10-12 || total
-------------------------+-------+-------+-------+-------++-------
Melee: Dagger            |     5 |     6 |     6 |       ||    17
       Headbutt          |       |     1 |     3 |     1 ||     5
       Long sword        |       |       |       |     8 ||     8
 Cast: Foxfire           |    45 |    79 |   141 |   145 ||   410
       Scorch            |    10 |    33 |    54 |    67 ||   164
       Flame Wave        |       |       |     1 |    18 ||    19
Invok: Channel Magic     |       |     2 |     1 |       ||     3
Evoke: Wand              |       |       |       |     2 ||     2
  Use: Scroll            |     2 |     7 |     8 |     4 ||    21
       Potion            |       |     1 |       |     1 ||     2
Armor: Robe              |     8 |    19 |     4 |    27 ||    58
Dodge: Dodged            |    13 |    25 |    13 |    56 ||   107
Block: Other             |       |     2 |     4 |    51 ||    57
       Reflection        |       |       |       |     7 ||     7

Table legend: (Time is in decaauts)
 A = Elapsed time spent in this place.
 B = Non-inter-level travel time spent in this place.
 C = Inter-level travel time spent in this place.
 D = Time resting spent in this place.
 E = Time spent auto-exploring this place.
 F = Levels seen in this place.
 G = Mean time per level.
                   A        B        C        D        E       F      G
               +--------+--------+--------+--------+--------+-----+--------+
         Total |  13895 |  13628 |    267 |    607 |  11524 |  12 | 1157.9 |
       Dungeon |  13895 |  13628 |    267 |    607 |  11524 |  12 | 1157.9 |
               +--------+--------+--------+--------+--------+-----+--------+

Top non-repeatable levels by time:
     D:4: 1708 daAuts
     D:6: 1526 daAuts
     D:1: 1338 daAuts
     D:7: 1282 daAuts
     D:5: 1265 daAuts
     D:3: 1223 daAuts
     D:2: 1211 daAuts
    D:11: 1050 daAuts
     D:9: 984 daAuts
    D:12: 875 daAuts
    D:10: 744 daAuts
     D:8: 684 daAuts
